 Dungeon Crawl Stone Soup version 0.28.0 (webtiles) character file.

Game seed: 12871171760551192574

6 jfcaron the Caller (level 1, 0/13 HPs)
             Began as a Barachi Summoner on Feb 6, 2022.
             Slain by a quokka (4 damage)
             ... on level 1 of the Dungeon.
             The game lasted 00:00:59 (177 turns).

jfcaron the Caller (Barachi Summoner)                Turns: 177, Time: 00:01:00

Health: 0/13       AC:  2    Str:  9    XL:     1   Next: 90%
Magic:  1/3        EV: 12    Int: 15    God:
Gold:   0          SH:  0    Dex: 12    Spells: 3/4 levels left

rFire   . . .      SeeInvis .   b - +2 dagger (elec)
rCold   . . .      Faith    .   (no shield)
rNeg    . . .      Spirit   .   a - +0 robe
rPois   .          Reflect  .   (no helmet)
rElec   .          Harm     .   (no cloak)
rCorr   .          Rampage  .   (no gloves)
Will    .....                   (no boots)
Stlth   ++........              (no amulet)
HPRegen 0.04/turn               (no ring)
MPRegen 0.08/turn               (no ring)

@: slow
A: amphibious, slowness 1, strong legs 1, +LOS
a: Hop


You were on level 1 of the Dungeon.
You visited 1 branch of the dungeon, and saw 1 of its levels.

Inventory:

Hand Weapons
 b - a +2 dagger of electrocution (weapon)
Missiles
 c - 12 stones
Armour
 a - a +0 robe (worn)


   Skills:
 - Level 2.1 Dodging
 - Level 1.7 Stealth
 + Level 2.4 Spellcasting
 + Level 5.0 Summonings


You had 3 spell levels left.
You knew the following spells:

 Your Spells              Type           Power      Damage    Failure   Level
a - Summon Small Mammal   Summ           68%        N/A       2%          1

Your spell library contained the following spells:

 Spells                   Type           Power      Damage    Failure   Level
 Call Imp                 Summ           17%        N/A       4%          2
 Call Canine Familiar     Summ           17%        N/A       8%          3
 Summon Guardian Golem    Hex/Summ       9%         N/A       22%         3
 Scorch                   Fire           2%         2d5       32%         2
 Summon Lightning Spire   Summ/Air       9%         N/A       58%         4
 Flame Wave               Conj/Fire      1%         2d4       91%         4
 Summon Cactus Giant      Summ           8%         N/A       99%         6


Dungeon Overview and Level Annotations

Branches:
Dungeon (1/15)

Altars:


Innate Abilities, Weirdness & Mutations

You are amphibious.
You cover ground slowly.
You can hop short distances.
You have an extended range of vision and can be seen from far away.


Message History

The jackal closely misses you.
You swap places.
Your bat misses the jackal. The jackal closely misses your bat.
Your bat completely misses the jackal.
The jackal barely misses your bat.
Your bat hits the jackal but does no damage.
Casting: Summon Small Mammal (safe; 2% risk of failure)
Confirm with . or Enter, or press ? or * to list all spells.
Your bat hits the jackal. The jackal barely misses your bat.
Your bat hits the jackal. The jackal misses your bat.
The jackal barely misses your bat.
Your bat closely misses the jackal.
Your bat hits the jackal but does no damage.
The jackal closely misses your bat.
Your bat closely misses the jackal.
Your bat hits the jackal but does no damage.
The jackal bites your bat.
Your bat closely misses the jackal.
The jackal misses your bat.
Your bat hits the jackal but does no damage.
The jackal barely misses your bat.
Your bat hits the jackal but does no damage.
The jackal bites your bat.
Your bat dies!
Your bat's corpse disappears in a puff of smoke!
The jackal barks!
You swap places.
The jackal barely misses your rat.
Your rat barely misses the jackal.
The jackal bites your rat.
Your rat bites the jackal.
Casting: Summon Small Mammal (safe; 2% risk of failure)
Confirm with . or Enter, or press ? or * to list all spells.
The jackal bites your rat.
Your rat dies!
Your rat's corpse disappears in a puff of smoke!
You hit the jackal.
You kill the jackal!
You closely miss the quokka.
The quokka is moderately wounded.
The quokka bites you.
Your quokka bites the quokka.
The quokka bites you.
You closely miss the quokka.
The quokka is severely wounded.
Your quokka misses the quokka. The quokka bites you.
You die...

# .##.##.#.#.#.##.#.#.###
.. ......................
...##......#.#.##.#......
.......................#
......................#
#.......#.#.##........
#.......#.#l# ......##
##.##...#.#r##.###+##
#.#......r@...#
#...............#
#####....#.#.##.### #
.........#.#.# .#
.............#.# #
###.####.####.#.#
(...........ยง.#.#
..........#####.####
###.####..# #......#


You could see a quokka (ally target), a frilled lizard and a friendly quokka
(summoned).

Vanquished Creatures
  A ball python (D:1)
  A goblin (D:1)
  A hobgoblin (D:1)
  A jackal (D:1)
  A bat (D:1)
5 creatures vanquished.

Notes
Turn   | Place    | Note
-------+----------+-------------------------------------------
     0 | D:1      | jfcaron the Barachi Summoner began the quest for the Orb.
     0 | D:1      | Reached XP level 1. HP: 13/13 MP: 3/3
   140 | D:1      | Reached skill level 5 in Summonings
   177 | D:1      | Slain by a quokka

Illustrated notes

Levels and vault maps discovered:
D:1:      lemuel_arrival_river_ford, layout_basic, glass_columns_c

Skill      XL: |  1 |
---------------+----+-----
Summonings     | 5 |  5.0
Dodging        | |  2.1
Stealth        | |  1.7
Spellcasting   | |  2.4

Action                   || total
-------------------------++-------
Melee: Dagger            ||    16
       Punch             ||     1
 Cast: Summon Small Mamm ||     8
Armor: Robe              ||     7
Dodge: Dodged            ||    12
